 Dungeon Crawl Stone Soup version 0.31-a0-620-gd1cbd99268 (webtiles) character file.

Game seed: 4010491413825272902

14830 IdlyInterested the Spear-Bearer (level 11, -9/87 HPs)
             Began as a Demonspawn Gladiator on Aug 23, 2023.
             Was a Follower of Yredelemnul.
             Mangled by a skeletal warrior
             ... wielding a +0 dire flail
              (23 damage)
             ... on level 13 of the Dungeon.
             The game lasted 00:49:38 (13760 turns).

IdlyInterested the Spear-Bearer (DsGl)             Turns: 13760, Time: 00:49:38

Health: -9/87      AC: 23    Str: 19    XL:     11   Next: 93%
Magic:  17/17      EV: 13    Int: 10    God:    Yredelemnul [*.....]
Gold:   533        SH:  0    Dex: 20    Spells: 10/10 levels left

rFire   + . .        e - +1 trident (freeze)
rCold   + . .        (no shield)
rNeg    . . .        Q - +6 leather armour "Goummott" {+Inv}
rPois   .            c - +1 helmet
rElec   .            L - +0 cloak
rCorr   +            k - +2 pair of gloves {Stlth+}
SInv    .            j - +1 pair of boots
Will    .....        f - amulet of regeneration
Stlth   +++          w - +6 ring of dexterity
HPRegen 1.14/turn    b - ring of protection from fire
MPRegen 0.15/turn

%: random rage (3%)
@: on berserk cooldown, hasted and slowed
A: claws 2, yellow scales 3, foul stench 1, spiny 1, berserk 1, cold resistance
1
a: Renounce Religion, Evoke Invisibility, Recall Undead Harvest


You were on level 13 of the Dungeon.
You worshipped Yredelemnul.
Yredelemnul was aware of your devotion.
You visited 2 branches of the dungeon, and saw 14 of its levels.
You also visited: Sewer and Ossuary.

You collected 1133 gold pieces.
You spent 600 gold pieces at shops.

Inventory:

Hand Weapons
 a - a +1 trident
 e - a +1 trident of freezing (weapon)
 H - a +0 glaive
 I - a +0 war axe of flaming
Missiles
 g - 86 stones (quivered)
 u - 13 poisoned darts
 S - 5 curare-tipped darts
 U - a javelin
Armour
 c - a +1 helmet (worn)
 j - a +1 pair of boots (worn)
 k - a +2 pair of gloves of stealth (worn)
 v - the +0 ring mail of the Twelve Knives {rElec rN+ MP+9}
   (You found it on level 5 of the Dungeon)

   rElec:     It insulates you from electricity.
   rN+:       It protects you from negative energy.
   MP+9:      It affects your magic capacity (+9).
 y - a +0 plate armour
 G - a +0 robe of willpower
 L - a +0 cloak (worn)
 Q - the +6 leather armour "Goummott" (worn) {+Inv}
   (You found it on level 8 of the Dungeon)

   +Inv:      It lets you turn invisible.
 T - a +0 kite shield
Magical Staves
 P - a staff of air
Jewellery
 b - a ring of protection from fire (right hand)
 f - an amulet of regeneration (around neck)
 m - a ring of protection from cold
 w - a +6 ring of dexterity (left hand)
 R - a ring of ice
 V - a ring of willpower
Wands
 o - a wand of flame (9)
 q - a wand of digging (2)
 F - a wand of mindburst (4)
Scrolls
 n - 3 scrolls of poison
 r - 3 scrolls of amnesia
 s - 3 scrolls of immolation
 z - 3 scrolls of enchant weapon
 A - a scroll of butterflies
 B - 2 scrolls of fog
 C - 2 scrolls of vulnerability
 D - a scroll of blinking
 J - a scroll of fear
 M - 2 scrolls of teleportation
 N - a scroll of revelation
Potions
 d - a potion of mutation
 i - a potion of berserk rage {unknown}
 l - 6 potions of haste
 p - 2 potions of invisibility
 t - a potion of cancellation
 x - 2 potions of brilliance
 E - 2 potions of resistance
 K - 7 potions of curing
 O - a potion of attraction


   Skills:
 + Level 8.7 Fighting
 * Level 12.7 Polearms
 - Level 3.0 Throwing
 + Level 6.5 Armour
 - Level 3.0 Dodging
 - Level 2.0 Stealth
 - Level 2.0 Shields
 - Level 3.0 Unarmed Combat
 - Level 8.0 Invocations
 - Level 2.0 Evocations


You had 10 spell levels left.
You didn't know any spells.
Your spell library contained the following spells:

 Spells                   Type           Power      Damage    Failure   Level
 Apportation              Tloc           0%         N/A       41%         1
 Frozen Ramparts          Ice            0%         1d1       78%         3
 Inner Flame              Hex/Fire       0%         N/A       78%         3
 Portal Projectile        Hex/Tloc       0%         N/A       78%         3
 Tukima's Dance           Hex            0%         N/A       78%         3
 Vhi's Electric Charge    Tloc/Air       0%         N/A       78%         3
 Flame Wave               Conj/Fire      0%         2d4       99%         4
 Iskenderun's Mystic Bla  Conj/Tloc      0%         2d3       99%         4
 Petrify                  Tmut/Erth      0%         N/A       99%         4
 Sticky Flame             Conj/Fire      0%         2d3       99%         4
 Alistair's Intoxication  Tmut/Pois      0%         N/A       100%        5
 Arcjolt                  Conj/Air       0%         1d10      100%        5
 Borgnjor's Vile Clutch   Necr/Erth      0%         N/A       100%        5
 Metabolic Englaciation   Hex/Ice        0%         N/A       100%        5
 Plasma Beam              Fire/Air       0%         2x1d10    100%        6
 Animate Dead             Necr           Unusable   N/A       N/A         4
 Death Channel            Necr           Unusable   N/A       N/A         6

Dungeon Overview and Level Annotations

Branches:
Dungeon (13/15)            Temple (1/1) D:6            Lair (0/5) D:9
    Orc (0/2) D:10          Sewer (visited)         Ossuary (visited)
 Vaults: D:13-14

Altars:
Ashenzari
Cheibriados
Dithmenos
Fedhas
Gozag
Hepliaklqana
Kikubaaqudgha
Makhleb
Nemelex Xobeh
Okawaru
Qazlal
Ru
Sif Muna
Trog
Uskayaw
Vehumet
Wu Jian
Xom
Yredelemnul

Shops:
D:12 =


Innate Abilities, Weirdness & Mutations

You have very sharp fingernails.
You are completely covered in yellow scales. (AC +4, rCorr)
You may rarely emit foul miasma when damaged in melee.
You are partially covered in sharp spines.
You sometimes lose your temper in combat.
Your flesh is cold resistant. (rC+)


Message History

You feel much better.
The vampire mosquito is struck by your spines.
The vampire mosquito barely misses you. The vampire mosquito bites you.
The vampire mosquito draws strength from your injuries!
The vampire mosquito barely misses you.
You feel yourself speed up.
The vampire mosquito is struck by your spines.
The vampire mosquito bites you but does no damage.
You hit the skeletal warrior but do no damage.
You closely miss the skeletal warrior.
The skeletal warrior is struck by your spines.
The skeletal warrior hits you but does no damage.
You closely miss the skeletal warrior.
The skeletal warrior is lightly damaged.
The skeletal warrior hits you with a +0 dire flail!
You hit the skeletal warrior but do no damage.
The skeletal warrior is lightly damaged.
You hit the skeletal warrior but do no damage.
The skeletal warrior is lightly damaged.
The skeletal warrior closely misses you.
You hit the skeletal warrior but do no damage.
The skeletal warrior is lightly damaged.
The skeletal warrior hits you with a +0 dire flail!!
You hit the skeletal warrior. You freeze the skeletal warrior.
The skeletal warrior is moderately damaged.
The skeletal warrior hits you but does no damage.
The skeletal warrior barely misses you.
You barely miss the skeletal warrior.
The skeletal warrior is moderately damaged.
You hit the skeletal warrior.
The skeletal warrior is moderately damaged.
The skeletal warrior hits you from afar with a +0 halberd!
* * * LOW HITPOINT WARNING * * *
The skeletal warrior completely misses you.
You closely miss the skeletal warrior.
The skeletal warrior is moderately damaged.
The skeletal warrior misses you.
The skeletal warrior hits you with a +0 dire flail!!
You die...
Your body rises from the dead as a mindless zombie.

###
#######.#
#<......#
#######Z#
#@# #z#


zz# ..y# ....# .....# ....... ##...... You could see 3 skeletal warriors, a
vampire mosquito (ally target) and a friendly spriggan zombie.

Vanquished Creatures
  A boulder beetle (D:11)
  A centaur warrior (D:10)
  2 two-headed ogres
  A skeletal warrior (D:13)
  A manticore (D:11)
  A cyclops (D:11)
  2 kobold demonologists (D:9)
  A hornet (D:9)
  4 trolls
  Grinder (D:5)
  Prince Ribbit (D:7)
  Sigmund (D:2)
  A spriggan (shapeshifter) (D:13)
  A yak (D:9)
  2 wraiths
  A wyvern (D:10)
  Eustachio (D:5)
  7 vampire mosquitoes
  Edmund (D:5)
  4 water moccasins
  An acid dragon (D:8)
  5 orc warriors
  3 sky beasts (D:8)
  2 ice beasts (D:6)
  An ogre (D:5)
  3 centaurs
  4 phantoms
  Blork the orc (D:5)
  4 kobold brigands
  2 bullfrogs (Sewer)
  2 gnoll sergeants (D:8)
  3 scorpions
  12 wights
  A troll zombie (D:10)
  15 killer bees
  2 jellies
  3 hounds
  4 orc priests
  2 sleepcaps
  6 iguanas
  7 orc wizards
  6 ogre zombies (D:10)
  8 mummies (Ossuary)
  16 gnolls
  11 adders
  3 river rats (Sewer)
  3 white imps
  4 worms
  5 dart slugs
  12 orcs
  10 endoplasms
  9 giant cockroaches
  13 goblins
  7 hobgoblins
  6 jackals
  8 kobolds
  7 quokkas
  18 ball pythons
  7 bats
  2 frilled lizards
  2 gnoll zombies (Ossuary)
  A goblin skeleton (D:10)
  A goblin zombie (D:10)
  A hobgoblin skeleton (D:10)
  6 hobgoblin zombies
  2 orc skeletons (D:10)
  14 orc zombies
  25 rats
325 creatures vanquished.

Vanquished Creatures (collateral kills)
  A centaur warrior (D:12)
  A gargoyle (D:11)
  3 yaks (D:9)
  A black bear (D:8)
  A sky beast (D:7)
  2 bullfrogs (D:8)
  A gnoll sergeant (D:11)
  A troll zombie (D:10)
  An orc wizard (D:10)
  An orc (D:8)
  A hobgoblin zombie (D:10)
  5 orc zombies (D:10)
19 creatures vanquished.

Vanquished Creatures (others)
  A water moccasin zombie (D:8)
  5 killer bee zombies
  A spectral white imp (D:7)
7 creatures vanquished.

Grand Total: 351 creatures vanquished

Notes
Turn   | Place    | Note
-------+----------+-------------------------------------------
     0 | D:1      | IdlyInterested the Demonspawn Gladiator began the quest for
                  | the Orb.
     0 | D:1      | Reached XP level 1. HP: 16/16 MP: 1/1
    41 | D:1      | Found a faded altar of an unknown god.
   306 | D:1      | Gained mutation: You have sharp fingernails. [demonic
                  | ancestry]
   306 | D:1      | Reached XP level 2. HP: 22/22 MP: 2/2
   493 | D:1      | Reached skill level 3 in Polearms
   493 | D:1      | Reached skill level 1 in Armour
  1171 | D:2      | Found a shimmering altar of Xom.
  1191 | D:2      | Reached skill level 1 in Unarmed Combat
  1191 | D:2      | Reached XP level 3. HP: 28/28 MP: 3/3
  1533 | D:2      | Gained mutation: You have very sharp fingernails. [demonic
                  | ancestry]
  1533 | D:2      | Reached XP level 4. HP: 34/34 MP: 4/4
  1772 | D:2      | Noticed Sigmund
  1806 | D:2      | Gained mutation: Your flesh is cold resistant. (rC+)
                  | [potion of mutation]
  1806 | D:2      | Gained mutation: You sometimes lose your temper in combat.
                  | [potion of mutation]
  1809 | D:2      | Killed Sigmund
  1810 | D:2      | Reached skill level 4 in Polearms
  1810 | D:2      | Reached skill level 1 in Stealth
  1810 | D:2      | Reached XP level 5. HP: 10/41 MP: 5/5
  2371 | D:3      | Reached XP level 6. HP: 44/47 MP: 6/6
  3498 | D:4      | Noticed an orc warrior
  3512 | D:4      | Reached skill level 5 in Polearms
  3518 | D:4      | Killed an orc warrior
  3615 | D:4      | Gained mutation: You may rarely emit foul miasma when
                  | damaged in melee. [demonic ancestry]
  3615 | D:4      | Reached XP level 7. HP: 54/54 MP: 7/7
  3924 | D:4      | Reached skill level 6 in Polearms
  4574 | D:5      | Entered Level 5 of the Dungeon
  4805 | D:5      | Reached skill level 5 in Fighting
  4805 | D:5      | Gained mutation: You are partially covered in yellow
                  | scales. (AC +2) [demonic ancestry]
  4805 | D:5      | Reached XP level 8. HP: 62/62 MP: 8/8
  4831 | D:5      | Identified the +0 ring mail of the Twelve Knives {rElec rN+
                  | MP+9}
  4855 | D:5      | Noticed Eustachio
  4891 | D:5      | Killed Eustachio
  4917 | D:5      | Found a glowing drain.
  4944 | Sewer    | Entered a sewer
  5225 | Sewer    | Reached skill level 7 in Polearms
  5336 | D:5      | Noticed Edmund
  5364 | D:5      | Killed Edmund
  5943 | D:5      | Noticed Grinder
  5953 | D:5      | Paralysed by Grinder for 5 turns
  5984 | D:5      | Killed Grinder
  5985 | D:5      | Reached skill level 8 in Polearms
  5985 | D:5      | Gained mutation: You are mostly covered in yellow scales.
                  | (AC +3) [demonic ancestry]
  5985 | D:5      | Reached XP level 9. HP: 69/69 MP: 9/9
  6242 | D:5      | Noticed Blork the orc
  6247 | D:5      | Killed Blork the orc
  6720 | D:6      | Found a snail-covered altar of Cheibriados.
  6913 | D:6      | Found a hide-covered altar of Uskayaw.
  7084 | D:6      | Found a staircase to the Ecumenical Temple.
  7096 | Temple   | Entered the Ecumenical Temple
  7113 | Temple   | Became a worshipper of Yredelemnul the Dark
  7483 | D:7      | Noticed Prince Ribbit
  7495 | D:7      | Reached skill level 1 in Invocations
  7500 | D:7      | Killed Prince Ribbit
  7501 | D:7      | Reached skill level 9 in Polearms
  7742 | D:7      | Reached * piety under Yredelemnul
  8239 | D:7      | Reached skill level 1 in Evocations
  8676 | D:8      | Found a sand-covered staircase.
  8684 | Ossuary  | Entered an ossuary
  8945 | D:8      | Reached skill level 5 in Invocations
  8987 | D:8      | Gained mutation: You are completely covered in yellow
                  | scales. (AC +4, rCorr) [demonic ancestry]
  8987 | D:8      | Reached XP level 10. HP: 77/77 MP: 13/13
  9100 | D:8      | Found a runed translucent door.
  9110 | D:8      | Identified the +6 leather armour "Goummott" {+Inv}
  9114 | D:8      | Found a sacrificial altar of Ru.
  9544 | D:8      | Noticed a two-headed ogre
  9555 | D:8      | Killed a two-headed ogre
  9556 | D:8      | Reached skill level 10 in Polearms
  9556 | D:8      | Reached skill level 1 in Shields
  9629 | D:8      | Reached ** piety under Yredelemnul
  9703 | D:8      | Reached *** piety under Yredelemnul
  9736 | D:8      | Found a runed translucent door.
 10250 | D:9      | Reached skill level 11 in Polearms
 10260 | D:9      | Gained mutation: You are partially covered in sharp spines.
                  | [demonic ancestry]
 10260 | D:9      | Reached XP level 11. HP: 47/86 MP: 16/16
 10424 | D:9      | Found a staircase to the Lair.
 10656 | D:10     | Entered Level 10 of the Dungeon
 10898 | D:10     | Found a staircase to the Orcish Mines.
 11024 | D:10     | Noticed a centaur warrior
 11033 | D:10     | Killed a centaur warrior
 11034 | D:10     | Reached skill level 5 in Armour
 11328 | D:10     | Noticed a two-headed ogre
 11337 | D:10     | Killed a two-headed ogre
 11801 | D:11     | Noticed a boulder beetle
 11816 | D:11     | Killed a boulder beetle
 11857 | D:11     | Reached skill level 12 in Polearms
 13368 | D:12     | Found Suwys's Jewellery Boutique.
 13503 | D:12     | Noticed a centaur warrior
 13512 | D:12     | Killed a centaur warrior
 13653 | D:12     | Bought a ring of ice for 300 gold pieces
 13653 | D:12     | Bought a ring of willpower for 300 gold pieces
 13713 | D:13     | Noticed a skeletal warrior
 13713 | D:13     | Noticed a skeletal warrior
 13715 | D:13     | Noticed a skeletal warrior
 13716 | D:13     | Noticed a skeletal warrior
 13748 | D:13     | Killed a skeletal warrior
 13760 | D:13     | Mangled by a skeletal warrior

Illustrated notes

Levels and vault maps discovered:
D:1:      heliophobic_arrival_henge, layout_loops_ring,
          ebering_ecumenical_altar_rust
D:2:      layout_basic, basic_altar, kennysheep_small_spiral, uniq_sigmund
D:3:      kennysheep_big_flooded_room, layout_basic
D:4:      minmay_bubble_buster, layout_cave_pods, st_stairs_3,
          corexii_hall_statues_x, chequers_serial_rivers_micro_c
D:5:      layout_basic, serial_corexii_hall, corexii_hall_statues_l,
          chequers_hall_statues_corner_a, portal_sewer_entry_f, uniq_eustachio,
          uniq_grinder, uniq_blork_the_orc, uniq_edmund
D:6:      layout_loops_ring, lemuel_round_altar, minitemple, temple_fountains
D:7:      layout_basic, uniq_prince_ribbit1
D:8:      cheibrodos_histonic, layout_cave_pods, amcnicky_altar_gilded,
          nicolae_ossuary_entry_monument
D:9:      layout_rooms, lair_entry_dummy
D:10:     layout_cave_pods, zombieorc2_lemuel, nrook_mini_backslash
D:11:     layout_stronghold
D:12:     layout_gridville, serial_shops, nicolae_shop_real_fake_doors
D:13:     layout_basic, serial_shops, shop, uniq_kirke
Temple:   eino_narrow_crystal_temple

Skill      XL: |  1  2  3  4  5  6  7  8  9 10 11 |
---------------+----------------------------------+-----
Polearms       | 3 4 5 6 8 9 11 12 | 12.7
Armour         | 1 2 3 4 6 |  6.5
Unarmed Combat | 1 2 3 |  3.0
Fighting       | 3 4 5 6 7 8 |  8.7
Stealth        | 1 2 |  2.0
Throwing       | 2 3 |  3.0
Dodging        | 3 |  3.0
Invocations    | 5 7 8 |  8.0
Evocations     | 1 2 |  2.0
Shields        | 2 |  2.0

Action                     |  1- 3 |  4- 6 |  7- 9 | 10-12 || total
---------------------------+-------+-------+-------+-------++-------
  Melee: Trident           |   131 |   180 |   617 |   474 ||  1402
         Punch             |     1 |     2 |    16 |    13 ||    32
  Throw: Throwing net      |       |     1 |     2 |       ||     3
         Stone             |       |       |    44 |    13 ||    57
         Dart              |       |       |     1 |     4 ||     5
         Javelin           |       |       |     1 |     1 ||     2
 Invoke: Dark Bargain      |       |       |       |     1 ||     1
  Evoke: Wand              |       |       |     9 |       ||     9
    Use: Potion            |       |     4 |     5 |     3 ||    12
         Scroll            |       |     3 |    12 |     4 ||    19
   Stab: Sleeping          |       |     5 |     4 |     4 ||    13
         Invisible         |       |       |     7 |       ||     7
         Held in net/web   |       |       |     1 |       ||     1
         Distracted        |       |       |       |     6 ||     6
 Armour: Leather armour    |     9 |       |       |    81 ||    90
         Ring mail         |    33 |    73 |    95 |   164 ||   365
         Chain mail        |       |    15 |   314 |       ||   329
  Dodge: Dodged            |    87 |    91 |   298 |   250 ||   726

Table legend: (Time is in decaauts)
 A = Elapsed time spent in this place.
 B = Non-inter-level travel time spent in this place.
 C = Inter-level travel time spent in this place.
 D = Time resting spent in this place.
 E = Time spent auto-exploring this place.
 F = Levels seen in this place.
 G = Mean time per level.
                   A        B        C        D        E       F      G
               +--------+--------+--------+--------+--------+-----+--------+
         Total |  13961 |  11438 |   2523 |    599 |   7396 |  16 |  872.6 |
       Dungeon |  13282 |  10789 |   2493 |    485 |   7194 |  13 | 1021.7 |
        Temple |     32 |      2 |     30 |      0 |      0 |   1 |   32.0 |
         Sewer |    445 |    445 |      0 |    114 |    104 |   1 |  445.0 |
       Ossuary |    201 |    201 |      0 |      0 |     98 |   1 |  201.0 |
               +--------+--------+--------+--------+--------+-----+--------+

Top non-repeatable levels by time:
     D:5: 1401 daAuts
     D:3: 1350 daAuts
     D:4: 1312 daAuts
     D:7: 1241 daAuts
    D:11: 1133 daAuts
     D:2: 1129 daAuts
     D:8: 1116 daAuts
    D:10: 1035 daAuts
     D:1: 991 daAuts
     D:6: 981 daAuts
     D:9: 798 daAuts
    D:12: 738 daAuts
   Sewer: 445 daAuts
 Ossuary: 201 daAuts
    D:13: 52 daAuts
